 Dungeon Crawl Stone Soup version 0.31-a0-229-g1fc7ce93e2 (webtiles) character file.

Game seed: 7789066567037901537

349 promet the Chopper (level 6, -9/55 HPs)
             Began as a Hill Orc Fighter on July 6, 2023.
             Was an Initiate of Hepliaklqana.
             Mangled by an ogre
             ... wielding a +0 giant club
              (25 damage)
             ... on level 5 of the Dungeon.
             The game lasted 00:15:38 (4658 turns).

promet the Chopper (Hill Orc Fighter)               Turns: 4658, Time: 00:15:39

Health: -9/55      AC: 15    Str: 21    XL:     6   Next: 60%
Magic:  6/6        EV:  8    Int:  8    God:    Hepliaklqana [......]
Gold:   314        SH:  9    Dex: 10    Spells: 5/5 levels left

rFire   . . .        a - +0 war axe
rCold   . . .        c - +0 buckler
rNeg    . . .        m - +0 chain mail
rPois   .            (no helmet)
rElec   .            (no cloak)
rCorr   .            (no gloves)
SInv    .            g - +1 pair of boots
Will    .....        o - amulet of reflection Stlth
                     i - +4 ring of protection
HPRegen 0.29/turn    q - ring of flight
MPRegen 0.10/turn

%: reflection
@: flying
A: no striking features
a: Renounce Religion


You were on level 5 of the Dungeon.
You worshipped Hepliaklqana.
Hepliaklqana was noncommittal.
You visited 1 branch of the dungeon, and saw 5 of its levels.

You collected 314 gold pieces.

Inventory:

Hand Weapons
 a - a +0 war axe (weapon)
 e - a +4 spear
 h - a +0 long sword
Missiles
 d - 32 stones
 r - 4 boomerangs (quivered)
Armour
 c - a +0 buckler (worn)
 g - a +1 pair of boots (worn)
 m - a +0 chain mail (worn)
Jewellery
 i - a +4 ring of protection (left hand)
 o - an amulet of reflection (around neck)
 q - a ring of flight (right hand)
Wands
 k - a wand of flame (14)
Scrolls
 f - a scroll of silence
 n - a scroll of poison
Potions
 b - a potion of heal wounds {unknown}
 j - a potion of ambrosia {unknown}
 l - 3 potions of curing
 p - a potion of berserk rage {unknown}


   Skills:
 + Level 4.9 Fighting
 + Level 6.0 Axes
 + Level 4.4 Armour
 + Level 1.2 Dodging
 + Level 0.5 Stealth
 + Level 3.9 Shields
 + Level 0.6 Evocations


You had 5 spell levels left.
You didn't know any spells.
Your spell library was empty.

Dungeon Overview and Level Annotations

Branches:
Dungeon (5/15)             Temple (0/1) D:5

Altars:
Hepliaklqana


Message History

The jackal attacks as you move away! You block the jackal's attack.
The jackal bites you but does no damage.
The jackal attacks as you move away!
The jackal bites you but does no damage.
The jackal bites you.
The jackal bites you but does no damage.
You block the jackal's attack. The jackal attacks as you move away!
The jackal barely misses you. The jackal attacks as you move away!
You block the jackal's attack. The jackal closely misses you.
The jackal attacks as you move away! You block the jackal's attack.
The jackal bites you but does no damage.
The jackal attacks as you move away!
The jackal bites you but does no damage.
Found a stone staircase leading down.
The jackal closely misses you.
The jackal bites you but does no damage.
You closely miss the jackal. You block the jackal's attack.
The jackal barely misses you.
You barely miss the jackal. You barely miss the ogre.
You block the ogre's attack.
You hit the ogre.
The ogre is lightly wounded.
The ogre hits you with a +0 giant club!!
Ouch! That really hurt!
You hit the ogre.
The ogre is lightly wounded.
You slash the ogre!
The ogre is severely wounded.
The ogre hits you with a +0 giant club!
* * * LOW HITPOINT WARNING * * *
You hit the ogre.
The ogre is almost dead.
You block the ogre's attack.
You barely miss the ogre.
The ogre is almost dead.
You block the ogre's attack.
You barely miss the ogre.
The ogre is almost dead.
The ogre hits you with a +0 giant club!!
You die...

..........# #.#
.......#..###.#
....####...O..#
... #.###### ..
#.# #O#########
#.........#
#..######.#
#...hO@...#
#..######.######
#...............#
>...........####.#
#.......####.# #.#
#.#...... ..# #.#
#.#..##.# #### #.#
. . ... #.# #
#####.##### #


You could see an ogre and a jackal.

Vanquished Creatures
  An ice beast (D:5)
  A scorpion (D:4)
  A hound (D:3)
  An iguana (D:4)
  2 orc wizards (D:3)
  3 adders (D:4)
  A worm (D:4)
  A dart slug (D:3)
  9 orcs
  4 endoplasms
  A giant cockroach (D:3)
  4 goblins
  4 hobgoblins
  6 jackals
  5 quokkas
  4 ball pythons
  3 bats (D:3)
  4 frilled lizards
  6 kobolds
  5 rats
  A spectral orc (D:4)
67 creatures vanquished.

Notes
Turn   | Place    | Note
-------+----------+-------------------------------------------
     0 | D:1      | promet the Hill Orc Fighter began the quest for the Orb.
     0 | D:1      | Reached XP level 1. HP: 19/19 MP: 1/1
   529 | D:1      | Reached XP level 2. HP: 27/27 MP: 2/2
   870 | D:2      | Reached skill level 3 in Axes
  1292 | D:2      | Reached XP level 3. HP: 33/33 MP: 3/3
  1292 | D:2      | Found a faded altar of an unknown god.
  1607 | D:3      | Reached XP level 4. HP: 16/41 MP: 4/4
  1612 | D:3      | Reached skill level 1 in Dodging
  2275 | D:3      | Reached skill level 4 in Axes
  2470 | D:3      | Reached XP level 5. HP: 47/47 MP: 5/5
  2972 | D:4      | Reached skill level 5 in Axes
  3100 | D:4      | Reached XP level 6. HP: 49/55 MP: 6/6
  3506 | D:4      | Found a hazy altar of Hepliaklqana.
  3527 | D:4      | Became a worshipper of Hepliaklqana the Forgotten
  4069 | D:5      | Entered Level 5 of the Dungeon
  4115 | D:5      | Noticed an ice beast
  4129 | D:5      | Killed an ice beast
  4130 | D:5      | Reached skill level 6 in Axes
  4454 | D:5      | Found a staircase to the Ecumenical Temple.
  4658 | D:5      | Mangled by an ogre

Illustrated notes

Levels and vault maps discovered:
D:1:      lightli_iron_boxes, layout_rooms
D:2:      layout_rooms, basic_ecumenical_altar
D:3:      layout_loops_ring, kennysheep_generic_room_4
D:4:      layout_basic, nicolae_hepliaklqana_monster_ancestors
D:5:      layout_loops_corners, okawaru_altar_gauntlet_db, trog_hazing_becter,
          minmay_temple_entry_drinking_statues

Skill      XL: |  1  2  3  4  5  6 |
---------------+-------------------+-----
Axes           | 3 4 5 6 |  6.0
Fighting       | 4 |  4.9
Dodging        | 1 |  1.2
Armour         | 4 |  4.4
Stealth        | |  0.5
Shields        | |  3.9
Evocations     | |  0.6

Action                     |  1- 3 |  4- 6 || total
---------------------------+-------+-------++-------
  Melee: War axe           |    93 |   128 ||   221
  Evoke: Wand              |       |    10 ||    10
    Use: Scroll            |     4 |     4 ||     8
         Potion            |     2 |       ||     2
 Armour: Scale mail        |    52 |     3 ||    55
         Chain mail        |       |    69 ||    69
         Skin              |       |     1 ||     1
  Dodge: Dodged            |    35 |    65 ||   100
  Block: Buckler           |    17 |    39 ||    56

Table legend: (Time is in decaauts)
 A = Elapsed time spent in this place.
 B = Non-inter-level travel time spent in this place.
 C = Inter-level travel time spent in this place.
 D = Time resting spent in this place.
 E = Time spent auto-exploring this place.
 F = Levels seen in this place.
 G = Mean time per level.
                   A        B        C        D        E       F      G
               +--------+--------+--------+--------+--------+-----+--------+
         Total |   4728 |   4655 |     73 |   1554 |   1600 |   5 |  945.6 |
       Dungeon |   4728 |   4655 |     73 |   1554 |   1600 |   5 |  945.6 |
               +--------+--------+--------+--------+--------+-----+--------+

Top non-repeatable levels by time:
     D:4: 1350 daAuts
     D:3: 1284 daAuts
     D:1: 840 daAuts
     D:2: 660 daAuts
     D:5: 593 daAuts
